 Dungeon Crawl Stone Soup version 0.23.2-40-g277498a001 (webtiles) character file.

Game seed: 3056302042500401667

73 Descartes the Charmwright (level 4, -3/34 HPs)
             Began as a Formicid Skald on Aug 13, 2019.
             Slain by Natasha (6 damage)
             ... on level 2 of the Dungeon.
             The game lasted 00:04:47 (1267 turns).

Descartes the Charmwright (Formicid Skald)          Turns: 1267, Time: 00:04:48

Health: -3/34      AC:  5    Str: 16    XL:     4   Next: 51%
Magic:  2/8        EV: 11    Int: 13    God:
Gold:   81         SH:  0    Dex: 10    Spells: 2/8 levels left

rFire    . . .     SeeInvis +   a - +0 hand axe
rCold    . . .     Gourm    .   (no shield)
rNeg     . . .     Faith    .   p - +0 ring mail
rPois    .         Spirit   .   (helmet unavailable)
rElec    .         Reflect  .   (no cloak)
rCorr    .         Harm     .   (no gloves)
MR       .....                  (no boots)
Stlth    ..........             i - amulet of regeneration
HPRegen  0.51/turn              (no ring)
MPRegen  0.11/turn              (no ring)

@: infused, very slightly contaminated
A: permanent stasis, dig shafts and tunnels, four strong arms, antennae 3
a: Dig, Shaft Self


You were on level 2 of the Dungeon.
You were not hungry.

You visited 1 branch of the dungeon, and saw 2 of its levels.

You collected 81 gold pieces.

Inventory:

Hand Weapons
 a - a +0 hand axe (weapon)
 b - a +0 hunting sling
Missiles
 h - 65 stones (quivered)
 n - 17 poisoned needles
 q - 37 bolts
Armour
 e - a +0 leather armour
 p - a +0 ring mail (worn)
Jewellery
 i - an amulet of regeneration (around neck)
Scrolls
 f - a scroll of enchant armour {unknown}
 g - 2 scrolls of identify {unknown}
 k - a scroll of teleportation {unknown}
 l - a scroll of immolation {unknown}
 m - a scroll of fog {unknown}
 o - a scroll of remove curse {unknown}
 s - a scroll of amnesia {unknown}
Potions
 c - a potion of heal wounds {unknown}
 j - a potion of curing {unknown}
Comestibles
 d - 3 rations
 r - 5 chunks of flesh


   Skills:
 + Level 2.7 Fighting
 + Level 2.4 Axes
 + Level 1.9 Armour
 + Level 2.2 Dodging
 + Level 2.8 Spellcasting
 + Level 3.3 Charms
 + Level 0.5 Necromancy


You had 2 spell levels left.
You knew the following spells:

 Your Spells              Type           Power        Failure   Level  Hunger
a - Song of Slaying       Chrm           ##......     17%         2    ###....
b - Infusion              Chrm           ##..         11%         1    #......
c - Regeneration          Chrm/Necr      #.........   52%         3    ###....

Your spell library contained the following spells:

 Spells                   Type           Power        Failure   Level  Hunger
 Shroud of Golubria       Chrm/Tloc      #.........   32%         2    ###....
 Spectral Weapon          Hex/Chrm       #.......     54%         3    ###....


Dungeon Overview and Level Annotations

Branches:
Dungeon (2/15)

Altars:
Fedhas

Annotations:
D:2 Natasha


Innate Abilities, Weirdness & Mutations

You cannot be hasted, slowed, berserked, paralysed or teleported.
You can dig through walls and to a lower floor.
Your four strong arms can wield two-handed weapons with a shield.
You have a pair of large antennae on your head. (SInv)


Message History

Natasha claws you but does no damage.
You closely miss Natasha.
Natasha is heavily wounded.
You hit the shadow imp. You closely miss the white imp.
The white imp grinds its teeth.
The white imp gestures at you. The puff of frost hits you!
* * * LOW HITPOINT WARNING * * *
The shadow imp hits you.
* * * LOW HITPOINT WARNING * * *
Natasha barely misses you.
You barely miss Natasha.
Natasha is heavily wounded.
You hit the white imp but do no damage. You hit the shadow imp!
You kill the shadow imp!
The white imp gestures at you. The puff of frost hits you.
* * * LOW HITPOINT WARNING * * *
Natasha claws you.
You die...

#. #. #.## ##... { {...#
###.##############
#..........).....#
####'#..............#
####...h@################
...'...5.# # . ###.....#
#. ## ...#...## #..#.#.
## #..## #......
#..###### ##....##
#.......# ........
#.#####.# ###..... ...
#.### #####.###


You could see Natasha and a white imp.

Vanquished Creatures
  Natasha (D:2)
  An ooze (D:2)
  2 worms (D:2)
  A dart slug (D:1)
  4 leopard geckos (D:1)
  2 giant cockroaches
  3 goblins
  4 hobgoblins
  4 bats
  A frilled lizard (D:1)
  7 kobolds
  4 rats (D:1)
34 creatures vanquished.

Notes
Turn   | Place    | Note
-------+----------+-------------------------------------------
     0 | D:1      | Descartes the Formicid Skald began the quest for the Orb.
     0 | D:1      | Reached XP level 1. HP: 16/16 MP: 3/3
   341 | D:1      | Reached XP level 2. HP: 12/22 MP: 5/5
   365 | D:1      | Learned a level 2 spell: Song of Slaying
   442 | D:1      | Reached XP level 3. HP: 21/28 MP: 3/6
   933 | D:1      | Learned a level 3 spell: Regeneration
   939 | D:2      | Found a blossoming altar of Fedhas.
  1022 | D:2      | Noticed Natasha
  1029 | D:2      | Killed Natasha
  1029 | D:2      | Reached XP level 4. HP: 23/34 MP: 0/8
  1257 | D:2      | Noticed Natasha
  1267 | D:2      | Slain by Natasha

Skill      XL: |  1  2 |
---------------+-------+-----
Dodging        | 2 |  2.2
Fighting       | |  2.7
Axes           | |  2.4
Armour         | |  1.9
Spellcasting   | |  2.8
Charms         | |  3.3
Necromancy     | |  0.5

Action                   |  1- 3 |  4- 6 || total
-------------------------+-------+-------++-------
Melee: Hand axe          |   111 |    29 ||   140
 Fire: Hunting sling     |     9 |       ||     9
 Cast: Song of Slaying   |     6 |     2 ||     8
       Infusion          |     1 |     2 ||     3
  Eat: Chunk             |     1 |     1 ||     2
Armor: Leather armour    |    27 |       ||    27
       Ring mail         |    21 |     5 ||    26
Dodge: Dodged            |    87 |    18 ||   105
